Map: Prion Terraces

Players

LilDicky

  • Race: Terran Terran
  • League: Diamond

Resonate - Winner!

  • Race: Terran Terran
  • League: Gold

VOD

http://www.twitch.tv/tumescentpie

Description

Time

  • Played on: Nov. 25, 2015, 10:40 p.m.
  • Length: 19:18
Show
View Real Time Build Order
Export as new Build Order

LilDicky Terran 

Build Orders: Bio Tank, MMM Bio 

Get SALT Encoding   

  12  0:01  SCV  
  13  0:13  SCV  
  14  0:18  Supply Depot  
  14  0:25  Refinery  
  14  0:28  SCV  
  15  0:40  SCV  
  16  0:48  Barracks  
  16  0:52  SCV  
  18  1:04  SCV  
  18  1:16  SCV  
  19  1:28  SCV  
  20  1:35  Supply Depot  
  20  1:36  Reaper  
  21  1:40  Orbital Command  
  21  1:54  Barracks  
  21  1:56  Barracks  
  21  2:04  Refinery  
  21  2:06  SCV  
  22  2:08  Reaper  
  23  2:18  SCV  
  23  2:22  Supply Depot  
  24  2:31  SCV  
  24  2:41  Reaper  
  24  2:46  Marine  
  24  2:56  Reaper  
  24  2:58  SCV  
  26  3:04  Command Center  
  27  3:09  Reaper  
  27  3:10  SCV  
  28  3:13  Reaper  
  29  3:28  Reaper  
  27  4:10  Factory  
  27  4:13  Marine x2  
  27  4:14  SCV, Marine  
  29  4:17  Orbital Command  
  29  4:23  Supply Depot  
  28  4:30  SCV  
  29  4:42  SCV  
  30  4:51  Marine x3  
  32  4:53  SCV  
  32  4:54  SCV  
  32  4:56  Factory Tech Lab  
  32  4:58  Starport  
  34  5:03  Orbital Command  
  34  5:06  Barracks  
  34  5:07  Barracks  
  34  5:09  Marine x2  
  34  5:13  SCV, Marine  
  38  5:15  Siege Tank  
  41  5:25  SCV  
  41  5:27  Marine  
  43  5:37  SCV, Marine x2  
  43  5:38  SCV  
  43  5:41  Supply Depot, Starport Tech Lab  
  47  5:45  Marine  
  47  5:47  Siege Tank  
  47  5:49  Supply Depot  
  51  5:54  Marine x2  
  51  5:55  Marine x2  
  51  5:56  SCV  
  56  6:02  SCV, Marine  
  58  6:07  Banshee  
  58  6:08  SCV, Cloaking Field  
  62  6:13  Barracks Tech Lab  
  62  6:14  SCV  
  62  6:15  Barracks Tech Lab  
  62  6:16  Barracks Reactor  
  62  6:18  Marine  
  64  6:20  Marine  
  64  6:21  SCV  
  66  6:28  Command Center  
  66  6:30  SCV  
  67  6:33  SCV  
  68  6:41  Marine  
  68  6:42  SCV  
  68  6:43  Combat Shields, Stimpack  
  68  6:45  SCV  
  68  6:46  Marine  
  73  6:50  Barracks Reactor  
  73  6:51  Marine  
  73  6:53  Banshee  
  76  6:54  SCV  
  76  6:57  SCV  
  78  7:03  Supply Depot  
  78  7:06  Engineering Bay  
  78  7:24  SCV, Siege Tank, Marine x5  
  87  7:42  Marine  
  88  7:58  SCV  
  92  8:05  Siege Tank  
  89  8:14  SCV x2  
  89  8:19  Orbital Command  
  91  8:23  Marine x4  
  91  8:24  Marauder x2  
  91  8:26  Medivac x2  
  103  8:27  SCV  
  103  8:33  SCV, Refinery  
  103  8:34  Command Center, Refinery  
  105  8:39  SCV  
  105  8:40  Terran Infantry Weapons Level 1  
  105  8:41  Missile Turret, Marine x2  
  106  8:43  Engineering Bay  
  106  8:46  Supply Depot  
  108  8:48  Supply Depot  
  108  8:50  Supply Depot  
  108  8:52  Supply Depot, Marauder x3  
  108  8:55  Supply Depot  
  114  8:56  Marine  
  114  8:59  Marine  
  116  9:07  Siege Tank  
  116  9:10  SCV  
  116  9:12  Refinery x2  
  116  9:14  Marauder x2  
  121  9:25  Terran Infantry Armor Level 1  
  121  9:26  Refinery, Missile Turret  
  121  9:27  Refinery, Missile Turret x2  
  121  9:28  SCV  
  121  9:31  Marine x3  
  122  9:32  Marauder  
  122  9:35  Marine x2  
  122  9:36  Viking  
  131  9:49  Marine x3  
  131  9:51  Planetary Fortress  
  134  9:53  Marauder  
  134  9:55  Command Center  
  136  10:02  SCV  
  137  10:07  Siege Tank  
  138  10:22  Marine  
  138  10:23  Marauder, Marine  
  137  10:28  SCV x2  
  137  10:29  SCV  
  137  10:31  Viking  
  137  10:32  Viking  
  144  10:37  Marine x2  
  144  10:38  Marauder  
  144  10:40  SCV  
  144  10:41  SCV  
  150  10:45  Marauder  
  148  11:01  Viking x2  
  117  11:07  Marine x2  
  117  11:08  Marine, Marauder x3  
  112  11:25  Planetary Fortress, Marine x2  
  113  11:26  Marine  
  113  11:28  Missile Turret  
  113  11:29  Marauder x2, Marine  
  113  11:30  SCV  
  118  11:46  Marine x2  
  114  11:51  Marine  
  114  11:52  Marine x2, Marauder  
  110  12:12  SCV x2  
  112  12:17  SCV  
  113  12:23  Marine  
  113  12:24  SCV, Marauder x3  
  113  12:25  SCV  
  113  12:26  Marine x2  
  113  12:27  Armory  
  113  12:29  SCV  
  125  12:31  Medivac x2  
  125  12:32  Command Center, Barracks  
  125  12:34  Barracks x2  
  125  12:35  Barracks  
  125  12:36  SCV  
  130  12:41  Marine  
  130  12:42  Starport  
  131  12:44  Marine x2  
  131  12:48  Marine x2  
  131  12:49  Marauder  
  137  12:54  SCV  
  137  12:55  SCV  
  139  13:10  SCV x3, Refinery  
  139  13:11  Refinery  
  142  13:14  Marine x2  
  142  13:15  Marine  
  142  13:16  Marauder  
  142  13:19  Marine x2  
  149  13:21  Starport Reactor  
  149  13:26  Siege Tank  
  144  13:36  Marine x2  
  144  13:37  Marauder x2  
  150  13:48  Viking, Medivac  
  152  13:54  Marine x2  
  152  13:55  Marauder  
  156  13:56  Planetary Fortress  
  156  13:58  Marauder  
  156  14:01  Missile Turret  
  160  14:03  Missile Turret  
  160  14:08  Medivac x2  
  160  14:09  Marine x6  
  169  14:12  Siege Tank, Marine  
  169  14:16  Marine  
  150  14:36  Marine x4  
  150  14:37  SCV  
  155  14:46  SCV x2  
  154  14:54  Command Center  
  131  15:03  Marine  
  131  15:04  Marauder, Marine x3  
  131  15:05  Marauder x2  
  97  15:24  Marine x5  
  97  15:25  Marine x3  
  97  15:26  Marauder, Marine  
  97  15:27  SCV  
  102  15:28  Medivac  
  102  15:29  Viking x3  
  102  15:34  SCV x2  
  105  15:42  Marine x7  
  107  15:44  Marauder x2  
  107  15:47  Marauder  
  118  15:57  Terran Infantry Weapons Level 2, Terran Infantry Armor Level 2  
  118  15:58  Terran Vehicle And Ship Armor Level 1, Viking  
  118  15:59  Viking, Marine  
  118  16:00  Marine x6  
  126  16:05  Marauder x2  
  126  16:08  Marine  
  126  16:09  Medivac x2  
  135  16:17  Planetary Fortress, Marine x2  
  135  16:18  Marine x5  
  142  16:26  Marauder  
  142  16:27  SCV, Marauder x2  
  142  16:28  Medivac  
  142  16:29  Medivac  
  153  16:34  Refinery  
  153  16:35  Refinery, Marine x2  
  153  16:36  Marine x2  
  153  16:38  Marine x2  
  153  16:39  Medivac  
  161  16:48  Marauder x3  
  161  16:50  Marine  
  161  16:51  Command Center, Orbital Command  
  161  16:53  Marine  
  167  16:57  Marine  
  167  16:58  Marine  
  167  16:59  Marine  
  167  17:00  Marine x2  
  163  17:09  Marauder x3  
  168  17:20  Marine  
  168  17:21  Marine x6  
  173  17:23  Medivac x4  
  173  17:24  SCV  
  173  17:25  SCV  
  182  17:31  Marauder x3  
  188  17:38  Marine  
  188  17:39  Marine x3  
  192  17:52  Marauder  
  194  17:58  Supply Depot  
  194  18:03  Marauder, Medivac x2  
  200  18:13  Marine  
  200  18:14  Medivac  
  200  18:16  Marauder  
  200  18:17  Siege Tank  
  193  18:24  Marauder  
  193  18:37  Marauder  
  193  18:40  Marine  
  196  18:45  Marine  
  196  18:46  Marauder  
  199  18:52  Marine  
  199  18:53  Marauder  
  200  18:56  Marine  
  200  18:58  Marine x2  
Show
View Real Time Build Order
Export as new Build Order

Resonate Terran - Winner!

Build Orders: Bio Tank 

Get SALT Encoding   

  12  0:00  SCV  
  13  0:13  SCV  
  14  0:17  Supply Depot  
  14  0:25  SCV  
  15  0:35  Refinery  
  15  0:39  SCV  
  16  0:45  Barracks  
  16  0:51  SCV  
  17  1:03  SCV  
  18  1:15  SCV  
  19  1:19  Barracks  
  19  1:27  SCV  
  20  1:33  Reaper  
  20  1:39  Orbital Command  
  21  1:58  Command Center  
  21  2:04  Supply Depot  
  21  2:07  SCV  
  22  2:19  SCV  
  22  2:21  Factory  
  23  2:23  Barracks Tech Lab  
  23  2:25  Barracks Reactor  
  23  2:42  Marine  
  24  2:45  SCV  
  25  2:58  SCV  
  25  3:03  Marine x2  
  27  3:12  SCV x2  
  29  3:15  Refinery  
  29  3:24  SCV, Cyclone  
  32  3:32  Marine x3  
  31  3:50  Marine  
  31  4:09  Marine x3  
  33  4:12  SCV  
  33  4:13  SCV  
  35  4:24  SCV  
  35  4:25  SCV  
  35  4:27  Starport, Marine  
  35  4:29  Barracks Reactor  
  38  4:38  Refinery x2  
  37  4:52  SCV x2  
  39  5:04  SCV  
  39  5:05  SCV  
  39  5:06  Supply Depot x2  
  41  5:12  Engineering Bay  
  41  5:13  Viking  
  43  5:14  Marine x2  
  43  5:15  Marine  
  43  5:20  Barracks  
  46  5:24  Supply Depot  
  46  5:27  Marine  
  46  5:28  SCV  
  48  5:30  SCV  
  49  5:35  Supply Depot  
  49  5:40  SCV  
  50  5:54  Armory  
  50  6:01  Marine x2  
  50  6:02  Siege Tank  
  55  6:05  Barracks Tech Lab  
  55  6:06  SCV x2  
  57  6:14  Marine  
  58  6:19  Marine x2  
  58  6:23  SCV  
  58  6:24  SCV  
  62  6:26  Supply Depot  
  62  6:27  Stimpack  
  62  6:32  Marine  
  63  6:34  Terran Infantry Weapons Level 1  
  63  6:36  SCV  
  63  6:38  Supply Depot  
  64  6:40  Factory, Orbital Command  
  64  6:48  SCV  
  64  6:49  Marine, Terran Vehicle Weapons Level 1  
  64  6:50  Marine x3  
  64  6:52  Supply Depot  
  64  6:54  Medivac  
  71  7:00  SCV  
  72  7:05  Medivac  
  72  7:07  SCV, Marine x2  
  77  7:12  SCV  
  78  7:19  SCV  
  78  7:22  Command Center  
  79  7:24  Factory Tech Lab  
  79  7:29  Medivac  
  81  7:30  Engineering Bay  
  81  7:32  Supply Depot  
  78  7:48  Missile Turret  
  77  7:53  Missile Turret  
  74  8:16  Missile Turret  
  74  8:19  Missile Turret, Marine x3  
  78  8:20  Marauder  
  78  8:22  Viking x2  
  78  8:24  Supply Depot  
  83  8:37  Marine x2  
  83  8:38  Siege Tank  
  90  8:41  Marauder  
  90  8:42  Siege Tank  
  93  9:00  SCV x2  
  93  9:01  SCV  
  96  9:12  SCV x2  
  96  9:13  SCV  
  99  9:19  Siege Tank x2  
  99  9:20  Medivac  
  107  9:24  SCV x2  
  107  9:25  SCV, Missile Turret  
  107  9:26  Terran Ship Weapons Level 1  
  107  9:29  Marine  
  107  9:30  Marauder  
  113  9:32  Combat Shields  
  113  9:36  SCV x2  
  115  9:40  Terran Infantry Armor Level 1  
  115  9:50  Orbital Command  
  115  9:53  Refinery  
  115  9:54  Refinery  
  115  10:00  Siege Tank x2  
  115  10:01  Marauder, Marine x3  
  126  10:19  Marine  
  124  10:35  Marine x3  
  126  10:36  Siege Tank x2  
  133  10:58  Marine x2  
  93  11:22  Marine x2  
  93  11:23  Marine x2  
  93  11:24  Siege Tank  
  93  11:25  Viking, Siege Tank  
  96  11:26  Viking  
  98  11:40  Marine x2  
  98  11:41  Marine  
  98  11:43  Marine  
  94  11:58  Marine x2  
  94  11:59  Marine  
  94  12:00  Thor x2, Viking  
  94  12:01  Viking, Marine  
  105  12:16  Marine x2  
  105  12:17  Marine  
  105  12:19  Marine  
  105  12:20  Starport  
  105  12:22  Starport  
  109  12:26  Fusion Core  
  109  12:28  Terran Ship Weapons Level 2  
  109  12:34  Marine x2  
  109  12:35  Marine  
  109  12:37  Marine  
  112  12:39  SCV x3  
  112  12:43  Command Center  
  116  12:51  SCV x2  
  116  12:52  SCV  
  116  12:53  Viking x2  
  123  12:58  Terran Infantry Weapons Level 2  
  123  13:00  Command Center, Marine x4  
  123  13:03  SCV  
  123  13:04  SCV  
  129  13:18  Marine  
  128  13:47  Command Center  
  128  13:57  Missile Turret, Starport Tech Lab  
  128  13:58  Starport Tech Lab  
  128  13:59  Thor  
  128  14:00  Thor, Marine  
  128  14:01  Marauder, Marine x2  
  145  14:03  SCV x3  
  145  14:07  Supply Depot  
  145  14:08  Supply Depot  
  145  14:09  Supply Depot  
  148  14:21  Marine  
  148  14:22  SCV  
  112  14:36  Battlecruiser x2  
  112  14:37  Viking x2  
  119  14:45  Marauder, Marine x3  
  120  15:06  Marauder  
  117  15:12  Marine x3  
  117  15:14  Thor  
  109  15:28  Marauder  
  108  15:30  Thor, Marine x3  
  117  15:39  Planetary Fortress  
  117  15:42  Missile Turret  
  117  15:45  Command Center  
  117  15:49  Marauder  
  116  16:09  Battlecruiser  
  116  16:11  Marauder  
  124  16:17  Refinery x2  
  124  16:20  Sensor Tower  
  124  16:31  Marine x3  
  124  16:32  Thor, Marauder  
  129  16:34  Sensor Tower  
  135  16:45  Battlecruiser  
  139  16:49  Marine x3  
  139  16:53  Marauder  
  144  17:06  SCV  
  144  17:07  Marine  
  146  17:18  SCV  
  146  17:25  Battlecruiser  
  146  17:26  Marine x2  
  146  17:27  Marine x2  
  156  17:34  Missile Turret  
  156  17:41  Viking x2  
  156  17:42  Thor, Hellbat  
  168  17:44  Marine x4  
  168  17:48  SCV x3  
  175  18:05  Supply Depot  
  168  18:22  Marauder, Marine x2  
  168  18:27  Marine  
  170  18:52  Marine  
  170  18:54  Marine x3  
Tags
 
Add a new tag
Caveats
  • Supply blocks, unpowered buildings, or Contaminate may cause inaccurate times.
  • Supply counts are checked every 10 seconds.